 Dungeon Crawl Stone Soup version 0.24-a0-715-g0b739ee41d (webtiles) character file.

Game seed: 15388388444998097207, levelgen mode: deterministic

7235 Kairok the Covert (level 11, -1/56 HPs)
             Began as a Vine Stalker Assassin on Sept 30, 2019.
             Was a High Priest of Okawaru.
             Hit by a silver javelin thrown by a minotaur (20 damage)
             ... in a Gauntlet.
             The game lasted 00:25:31 (7446 turns).

Kairok the Covert (Vine Stalker Assassin)           Turns: 7446, Time: 00:25:32

Health: -1/56      AC:  8    Str: 18    XL:     11   Next: 12%
Magic:  0/11       EV: 19    Int: 11    God:    Okawaru [*****.]
Gold:   432        SH:  0    Dex: 21    Spells: 10/10 levels left

rFire    + + .     SeeInvis +   H - +2 dagger (elec)
rCold    + . .     Gourm    .   (no shield)
rNeg     . . .     Faith    .   y - +1 ring mail {rPois}
rPois    +         Spirit   +   (no helmet)
rElec    +         Reflect  .   b - scarf {rC+ rF+}
rCorr    .         Harm     .   I - +1 pair of gloves
MR       +....     NoTele   +   (no boots)
Stlth    ++++++....             h - amulet of the acrobat
HPRegen  0.58/turn              a - ring of Lioma {*Slow rElec Str+3 Dex+3 SInv}
MPRegen  0.12/turn              B - ring of protection from fire

@: heroism
A: fangs 3, blurry vision 1, [deformed body], low mp 1, regeneration 1,
[screaming 2], magic shield, antimagic bite, no potion heal 3, rot immunity
a: Heroism, Finesse, Renounce Religion


You were in a Gauntlet.
You worshipped Okawaru.
Okawaru was extremely pleased with you.
You were not hungry.

You visited 3 branches of the dungeon, and saw 10 of its levels.
You also visited: Gauntlet.

You collected 432 gold pieces.

Inventory:

Hand Weapons
 i - a +1 short sword of speed
 H - a +2 dagger of electrocution (weapon)
Missiles
 d - 93 poisoned darts (quivered)
 e - 2 curare-tipped darts
Armour
 b - a scarf of resistance (worn)
 c - a +0 cloak
 y - a +1 ring mail of poison resistance (worn)
 I - a +1 pair of gloves (worn)
Magical Staves
 m - an uncursed staff of conjuration {unknown}
Jewellery
 a - the ring of Lioma (left hand) {*Slow rElec Str+3 Dex+3 SInv}
   (You found it in a Gauntlet)

   [ring of see invisible]

   It affects your strength (+3).
   It affects your dexterity (+3).
   It insulates you from electricity.
   It lets you see invisible.
   It may slow you when you take damage.
 h - an amulet of the acrobat (around neck)
 j - the ring "Viet Len" {-Tele rPois Int-2 Dex+2}
   (You found it in a Gauntlet)

   [ring of intelligence]

   It affects your intelligence (-2).
   It affects your dexterity (+2).
   It protects you from poison.
   It prevents most forms of teleportation.
 k - an uncursed ring of flight
 B - a ring of protection from fire (right hand)
 E - an uncursed ring of ice
 L - an uncursed ring of resist corrosion
 R - an uncursed ring of stealth
Wands
 w - a wand of flame (25)
 M - a wand of random effects (7)
 Q - a wand of enslavement (6)
Scrolls
 g - a scroll of blinking
 l - a scroll of teleportation
 q - 5 scrolls of remove curse
 u - 2 scrolls of fear
 x - 4 scrolls of fog
 z - a scroll of brand weapon {unknown}
 C - 3 scrolls of enchant armour {unknown}
 O - a scroll of random uselessness {unknown}
 P - a scroll of silence {unknown}
 S - a scroll of magic mapping
Potions
 n - a potion of resistance
 o - 3 potions of lignification
 p - 2 potions of flight
 r - 3 potions of curing
 s - 4 potions of magic
 t - 2 potions of mutation
 v - 3 potions of brilliance
 A - a potion of agility
 G - a potion of invisibility {unknown}
 K - a potion of ambrosia
Comestibles
 f - 19 rations


   Skills:
 + Level 5.9(10.9) Fighting
 + Level 8.8(13.8) Short Blades
 + Level 2.5(7.5) Throwing
 + Level 6.3(11.3) Armour
 + Level 5.5(10.5) Dodging
 + Level 9.9(14.9) Stealth
 + Level 0.3 Invocations
 + Level 1.5 Evocations


You had 10 spell levels left.
You didn't know any spells.
Your spell library contained the following spells:

 Spells                   Type           Power        Failure   Level  Hunger
 Beastly Appendage        Tmut           #.....       50%         1    ##.....
 Sticks to Snakes         Tmut           #.......     63%         2    ###....
 Spider Form              Tmut/Pois      #.........   86%         3    ####...
 Ice Form                 Ice/Tmut       #.......     99%         4    #####..
 Blade Hands              Tmut           #.........   100%        5    ######.


Dungeon Overview and Level Annotations

Branches:
Dungeon (8/15)             Temple (1/1) D:5            Lair (1/6) D:8
Gauntlet (1/1)

Altars:
Dithmenos
Fedhas
Hepliaklqana
Makhleb
Nemelex Xobeh
Okawaru
Qazlal
Ru
Uskayaw
Vehumet
Yredelemnul
Zin
The Shining One

Annotations:
Gauntlet 6 transporters, 4 runed translucent doors


Innate Abilities, Weirdness & Mutations

You have razor-sharp teeth.
Your natural rate of healing is unusually fast.
When hurt, damage is shared between your health and your magic reserves.
Your bite disrupts and absorbs the magic of your enemies.
Potions cannot restore your health.
You are immune to rotting.
Scrolls take you a little longer to read.
Your magical capacity is low. (-10% MP)
[Armour fits poorly on your strangely shaped body.]
[You sometimes yell uncontrollably at your foes.]


Message History

You hit the minotaur but do no damage.
You bite the minotaur, but do no damage.
The minotaur is lightly wounded.
The minotaur hits you with an uncursed staff of conjuration!
The minotaur gores you!
Evoke which item? (* to show all) (? for menu, Esc to quit)
Aiming: Enslavement
Press: ? - help, Shift-Dir - straight line, f - minotaur
Aim: a minotaur, wielding a staff of conjuration, wearing a +0 plate armour, wearing a +1 buckler of fire resistance and wearing the ring "Zudok" {+Fly MR+ Str+4 Int+2} (lightly wounded, chance to defeat MR: 0%)
Okay, then.
Evoke which item? (* to show all) (? for menu, Esc to quit)
Aiming: Random Effects
Press: ? - help, Shift-Dir - straight line, f - minotaur
Aim: a minotaur, wielding a staff of conjuration, wearing a +0 plate armour, wearing a +1 buckler of fire resistance and wearing the ring "Zudok" {+Fly MR+ Str+4 Int+2} (lightly wounded)
The minotaur resists with almost no effort.
The minotaur throws a silver javelin.
The silver javelin closely misses you.
You gain the combat prowess of a mighty hero.
The minotaur throws a silver javelin.
The silver javelin pierces through you!!
You die...

### #.# ##'###
#.⌠..# #..H⌠+
+⌠...# #.@∩.#
##.###
#######'#######
#.............#
#.###.###.###.#
...........#
#.###.###.###
##.###.###.#####
...............#


You could see a minotaur.

Vanquished Creatures
  A two-headed ogre (D:8)
  A wretched star (Gauntlet)
  Pikel (D:5)
  Joseph (D:8)
  2 hornets (D:8)
  2 shadows (Gauntlet)
  Sigmund (D:5)
  A hungry ghost (D:7)
  2 neqoxecs (Gauntlet)
  Menkaure (D:4)
  A soldier ant (D:8)
  Edmund (D:5)
  Duvessa (D:5)
  An orc warrior (D:7)
  2 sky beasts
  A spectral torpor snail (Gauntlet)
  2 ice beasts
  A slave (D:4)
  2 black bears (D:7)
  4 ogres
  4 centaurs
  A small abomination (Gauntlet)
  4 bullfrogs
  A gnoll sergeant (D:5)
  Dowan (D:5)
  A scorpion (D:5)
  A wyvern skeleton (D:6)
  4 killer bees (D:7)
  5 wights (D:8)
  4 crimson imps
  3 howler monkeys
  A quasit (D:6)
  An orc wizard (D:5)
  A centaur skeleton (D:5)
  7 orc priests
  2 hounds
  3 jellies
  2 bullfrog skeletons
  5 iguanas
  5 worker ants
  A howler monkey zombie (D:5)
  13 adders
  5 gnolls
  A white imp (D:4)
  2 adder skeletons
  4 worms
  2 dart slugs
  3 leopard geckos
  26 orcs
  3 giant cockroaches
  6 goblins
  7 hobgoblins
  8 jackals
  4 quokkas
  2 ball pythons
  6 bats
  3 frilled lizards
  A goblin skeleton (D:4)
  2 goblin zombies (D:4)
  3 hobgoblin zombies (D:4)
  4 kobolds (D:1)
  A leopard gecko skeleton (D:4)
  An orc skeleton (D:4)
  A quokka skeleton (D:4)
  5 rats
199 creatures vanquished.

Vanquished Creatures (others)
  A slave (D:5)
  2 gnolls (D:5)
  A shadow imp (D:5)
4 creatures vanquished.

Grand Total: 203 creatures vanquished

Notes
Turn   | Place    | Note
-------+----------+-------------------------------------------
     0 | D:1      | Kairok the Vine Stalker Assassin began the quest for the
                  | Orb.
     0 | D:1      | Reached XP level 1. HP: 11/11 MP: 2/2
   134 | D:1      | Reached skill level 5 in Stealth
   494 | D:1      | Reached XP level 2. HP: 14/15 MP: 3/3
   828 | D:2      | Reached XP level 3. HP: 10/18 MP: 4/4
  1078 | D:2      | Gained mutation: Your natural rate of healing is unusually
                  | fast. [Vine Stalker growth]
  1078 | D:2      | Reached XP level 4. HP: 15/23 MP: 5/5
  1108 | D:2      | Reached skill level 1 in Dodging
  1386 | D:2      | Reached skill level 1 in Armour
  1445 | D:2      | Reached XP level 5. HP: 20/26 MP: 4/6
  1757 | D:3      | Found a burning altar of Makhleb.
  1940 | D:3      | Reached skill level 6 in Stealth
  1940 | D:3      | Reached XP level 6. HP: 29/32 MP: 4/7
  2286 | D:4      | Noticed Menkaure
  2309 | D:4      | Killed Menkaure
  2484 | D:4      | Reached XP level 7. HP: 35/35 MP: 8/8
  2618 | D:4      | Found a stormy altar of Qazlal.
  2657 | D:4      | Found a glowing golden altar of the Shining One.
  2954 | D:4      | Found a radiant altar of Vehumet.
  2987 | D:4      | Found an iron altar of Okawaru.
  2987 | D:4      | Found a sacrificial altar of Ru.
  3035 | D:4      | Became a worshipper of Warmaster Okawaru
  3222 | D:5      | Entered Level 5 of the Dungeon
  3222 | D:5      | Noticed Pikel
  3288 | D:5      | Reached skill level 5 in Short Blades
  3369 | D:5      | Found a staircase to the Ecumenical Temple.
  3371 | D:5      | Noticed Duvessa
  3372 | D:5      | Noticed Dowan
  3444 | D:5      | Killed Duvessa
  3444 | D:5      | Reached skill level 7 in Stealth
  3444 | D:5      | Gained mutation: You have razor-sharp teeth. [Vine Stalker
                  | growth]
  3444 | D:5      | Reached XP level 8. HP: 28/40 MP: 9/9
  3478 | D:5      | Killed Dowan
  3640 | D:5      | Killed Pikel
  3640 | D:5      | Reached * piety under Okawaru
  3681 | D:5      | Reached XP level 9. HP: 36/45 MP: 10/10
  3807 | D:5      | Noticed Sigmund
  3943 | D:5      | Noticed Edmund
  3950 | D:5      | Killed Edmund
  4163 | D:5      | Killed Sigmund
  4163 | D:5      | Reached ** piety under Okawaru
  4228 | Temple   | Entered the Ecumenical Temple
  4932 | D:6      | Reached *** piety under Okawaru
  5226 | D:7      | Reached skill level 5 in Fighting
  5226 | D:7      | Reached skill level 5 in Armour
  5270 | D:7      | Reached XP level 10. HP: 48/51 MP: 9/11
  5869 | D:8      | Found a hide-covered altar of Uskayaw.
  5869 | D:8      | Found a basalt altar of Yredelemnul.
  5871 | D:8      | Found a hazy altar of Hepliaklqana.
  6004 | D:8      | Found a staircase to the Lair.
  6010 | D:8      | Reached **** piety under Okawaru
  6010 | D:8      | Reached skill level 8 in Stealth
  6013 | D:8      | Reached skill level 5 in Dodging
  6342 | D:8      | Noticed a two-headed ogre
  6629 | D:8      | Noticed Joseph
  6716 | D:8      | Killed Joseph
  6716 | D:8      | Reached skill level 9 in Stealth
  6773 | D:8      | Killed a two-headed ogre
  6773 | D:8      | Reached ***** piety under Okawaru
  6773 | D:8      | Reached skill level 1 in Evocations
  6788 | Lair:1   | Entered Level 1 of the Lair of Beasts
  6958 | Lair:1   | Found a gate leading to a gauntlet.
  7007 | Gauntlet | Entered a Gauntlet
  7007 | Gauntlet | Found a transporter.
  7007 | Gauntlet | Found a transporter.
  7007 | Gauntlet | Found a runed translucent door.
  7007 | Gauntlet | Noticed a moth of wrath
  7007 | Gauntlet | Noticed a death scarab
  7014 | Gauntlet | Found a runed translucent door.
  7017 | Gauntlet | Found a transporter.
  7019 | Gauntlet | Found a transporter.
  7023 | Gauntlet | Found a runed translucent door.
  7023 | Gauntlet | Found a runed translucent door.
  7027 | Gauntlet | Found a transporter.
  7031 | Gauntlet | Found a transporter.
  7048 | Gauntlet | Found a transporter.
  7055 | Gauntlet | Found a transporter.
  7072 | Gauntlet | Found a transporter.
  7073 | Gauntlet | Found a transporter.
  7073 | Gauntlet | Noticed a wretched star
  7081 | Gauntlet | Found a transporter.
  7085 | Gauntlet | Found a transporter.
  7089 | Gauntlet | Found a runed translucent door.
  7172 | Gauntlet | Got a scorched granite ring
  7208 | Gauntlet | Identified the ring of Lioma {*Slow rElec Str+3 Dex+3 SInv}
                  | (You found it in a Gauntlet)
  7309 | Gauntlet | Gained mutation: Your magical capacity is low. (-10% MP) [a
                  | neqoxec]
  7313 | Gauntlet | Reached XP level 11. HP: 54/56 MP: 11/11
  7314 | Gauntlet | Gained mutation: Scrolls take you a little longer to read.
                  | [a neqoxec]
  7336 | Gauntlet | Killed a wretched star
  7342 | Gauntlet | Got an ancient gossamer ring
  7349 | Gauntlet | Identified the cursed ring "Viet Len" {-Tele rPois Int-2
                  | Dex+2} (You found it in a Gauntlet)
  7434 | Gauntlet | Identified the ring "Zudok" {+Fly MR+ Str+4 Int+2}
  7434 | Gauntlet | Noticed a minotaur
  7446 | Gauntlet | Hit by a silver javelin thrown by a minotaur

Levels and vault maps discovered:
D:1:      lightli_arrival_windingriver, layout_rooms
D:2:      layout_rooms
D:3:      layout_basic, lemuel_round_altar
D:4:      layout_loops_cross, lemuel_doored_altar,
          nicolae_overflow_hidden_temple, gammafunk_temple_overflow_wave,
          first_ration, serial_glass, glass_columns_a, glass_columns_a,
          glass_columns_b, glass_columns_a, glass_columns_a,
          nicolae_tso_besieged_by_evil, uniq_menkaure
D:5:      layout_basic, minmay_temple_entry_tees, uniq_pikel, uniq_sigmund,
          uniq_duvessa, uniq_edmund
D:6:      layout_rooms, serial_corexii_hall, chequers_hall_statues_y,
          corexii_hall_statues_t
D:7:      layout_loops_ring
D:8:      layout_cave_pools, overflow_temple_1_default,
          chequers_temple_overflow_statue_of_worship, lair_entry_dummy,
          hangedman_pestilent_swarm, uniq_joseph
Temple:   zaba_magenta_temple
Lair:1:   layout_long_grid, special_room [special_room_bee],
          gauntlet_entry_generic, lemuel_fruit_tree, serial_bayou_shore_b
Gauntlet: minmay_gauntlet_77_indecision [minmay_gauntlet_arena_77_path,
          minmay_gauntlet_arena_77_cramped, minmay_gauntlet_arena_77_shame_cube,
          minmay_gauntlet_arena_77_block_sizes,
          minmay_gauntlet_arena_77_radiant_squares,
          minmay_gauntlet_arena_77_mirror, gauntlet_exit_hidden_loot]

Skill      XL: |  1  2  3  4  5  6  7  8  9 10 |
---------------+-------------------------------+-----
Stealth        | 5 6 7 9 |  9.9
Throwing       | 2 |  2.5
Short Blades   | 2 3 4 5 6 7 8 |  8.8
Fighting       | 2 3 4 5 |  5.9
Dodging        | 1 2 3 4 5 |  5.5
Armour         | 1 2 3 5 6 |  6.3
Evocations     | 1 |  1.5
Invocations    | |  0.3

Action                   |  1- 3 |  4- 6 |  7- 9 | 10-12 || total
-------------------------+-------+-------+-------+-------++-------
Melee: Dagger            |    13 |       |    99 |   224 ||   336
       Bite              |    30 |    53 |   200 |    81 ||   364
       Short sword       |    94 |   198 |   441 |       ||   733
       Punch             |       |       |       |     2 ||     2
Throw: Dart              |    10 |     3 |     2 |     1 ||    16
Invok: Heroism           |       |       |       |     5 ||     5
Evoke: Wand              |       |     2 |     5 |     8 ||    15
  Use: Scroll            |     5 |     5 |     7 |     8 ||    25
       Potion            |     4 |       |     1 |     4 ||     9
 Stab: Sleeping          |     4 |     7 |     6 |     5 ||    22
       Distracted        |       |       |       |     5 ||     5
       Paralysed         |       |       |       |     1 ||     1
  Eat: Chunk             |       |     5 |     9 |     6 ||    20
       Ration            |       |       |       |     1 ||     1
Armor: Robe              |     3 |       |       |       ||     3
       Ring mail         |    23 |    44 |    99 |    27 ||   193
Dodge: Dodged            |    42 |    92 |   269 |   102 ||   505

Table legend:
 A = Non-vault XP
 B = Vault XP
 C = Vault XP percentage of total XP
 D = Non-vault monster count
 E = Vault monster count
 F = Vault count percentage of total count
                 A         B        C        D         E       F
            +---------+---------+-------+---------+---------+-------
      Total |    5865 |    4471 |  43.3 |     172 |      26 |  13.1
            +---------+---------+-------+---------+---------+-------
        D:1 |      21 |       0 |   0.0 |      13 |       0 |   0.0
        D:2 |     200 |       0 |   0.0 |      35 |       0 |   0.0
        D:3 |     148 |       0 |   0.0 |      17 |       0 |   0.0
        D:4 |     449 |     186 |  29.3 |      12 |       9 |  42.9
        D:5 |     614 |    1260 |  67.2 |      26 |       5 |  16.1
        D:6 |    1089 |       0 |   0.0 |      19 |       0 |   0.0
        D:7 |    1336 |       0 |   0.0 |      26 |       0 |   0.0
        D:8 |    1912 |    1209 |  38.7 |      23 |       5 |  17.9
     Lair:1 |      96 |       0 |   0.0 |       1 |       0 |   0.0
   Gauntlet |       0 |    1816 | 100.0 |       0 |       7 | 100.0
            +---------+---------+-------+---------+---------+-------
